 Dungeon Crawl Stone Soup version 0.13-a0-2484-gc765b08 (webtiles) character file.

4689 Rycklaryybbe the Martial Artist (level 10, 0/77 HPs)
             Began as a Red Draconian Monk on July 21, 2013.
             Was an Elder of Okawaru.
             Splashed by an oklob plant's acid (7 damage)
             ... while paralysed by a giant eyeball
             ... on Level 9 of the Dungeon.
             The game lasted 00:31:57 (10753 turns).

Rycklaryybbe the Martial Artist (DrMo)             Turns: 10753, Time: 00:32:00

HP   0/77        AC  8     Str 14      XL: 10   Next:  9%
MP   8/9         EV  2     Int 10      God: Okawaru [****..]
Gold 475         SH  0     Dex 17      Spells:  0 memorised,  9 levels left

Res.Fire  : + . .   See Invis. : .     - Unarmed
Res.Cold  : . . .   Warding    : .   (armour unavailable)
Life Prot.: . . .   Conserve   : .   (no shield)
Res.Poison: .       Res.Corr.  : .   z - +2 wizard hat (curse)
Res.Elec. : .       Clarity    : .   x - -2 cloak
Sust.Abil.: . .     Spirit.Shd : .   l - -1 pair of gauntlets
Res.Mut.  : .       Stasis     : .   G - -1 pair of boots
Res.Rott. : .       Flight     : .   (no amulet)
Saprovore : . . .                    (no ring)
                                     (no ring)

@: paralysed, heroism, somewhat resistant to hostile enchantments, quite
stealthy
A: breathe fire, unfitting armour, fire resistance 1, AC +7
a: Breathe Fire, Heroism, Renounce Religion


You were on level 9 of the Dungeon.
You worshipped Okawaru.
Okawaru was extremely pleased with you.
You were hungry.

You visited 2 branches of the dungeon, and saw 10 of its levels.
You also visited: Ossuary.

You collected 475 gold pieces.

Inventory:

Missiles
 f - 30 poisoned needles
 p - 6 curare-tipped needles
Armour
 l - a -1 pair of gauntlets (worn)
 m - a cursed +0 shield
 x - a -2 cloak (worn)
 z - a cursed +2 wizard hat (worn)
 G - a -1 pair of boots (worn)
 I - a +0 large shield
Magical devices
 n - a wand of random effects (19) {unknown}
 y - a wand of magic darts (7) {unknown}
 H - a wand of fire (10)
Comestibles
 b - 4 bread rations
 d - 5 meat rations
 A - a choko
Scrolls
 c - 9 scrolls of identify
 e - 3 scrolls of magic mapping
 i - 6 scrolls of remove curse {unknown}
 j - 2 scrolls of teleportation
 k - a scroll of amnesia {unknown}
 q - 3 scrolls of enchant weapon I
 r - 3 scrolls of recharging {unknown}
 v - 2 scrolls of fear
 w - 2 scrolls of fog
 B - a scroll of acquirement {unknown}
 J - a scroll of enchant weapon II {unknown}
 K - a scroll of blinking {unknown}
Potions
 a - 3 potions of speed
 g - 3 potions of flight
 h - a potion of heal wounds
 o - 3 potions of curing
 s - a potion of berserk rage {unknown}
 t - a potion of brilliance
 u - a potion of resistance
 C - a potion of agility {unknown}
 D - 2 potions of restore abilities {unknown}
 E - a potion of invisibility {unknown}
Miscellaneous
 F - a lamp of fire


   Skills:
 - Level 3.2(8.2) Fighting
 + Level 10.0(15.0) Dodging
 - Level 1.7(6.7) Stealth
 - Level 11.0(16.0) Unarmed Combat


You had 9 spell levels left.
You didn't know any spells.

Dungeon Overview and Level Annotations

Branches:
Dungeon (9/27)             Temple (1/1) D:4
    Orc: D:6-11        Lair: D:8-13

Altars:
Ashenzari
Elyvilon
Fedhas
Kikubaaqudgha
Makhleb
Nemelex Xobeh
Okawaru
Sif Muna
Trog
Vehumet
Yredelemnul
Zin
the Shining One

Annotations
D:4 Edmund
D:9 exclusion: 2 oklob plants


Innate Abilities, Weirdness & Mutations

You can breathe blasts of fire.
Your fiery red scales are hard (AC +7).
Your body does not fit into most forms of armour.
Your cold-blooded metabolism reacts poorly to cold.
Your flesh is heat resistant.


Message History

You punch the oklob plant, but do no damage.
The oklob plant is almost destroyed.
You hit the oklob plant but do no damage.
The oklob plant is almost destroyed.
The giant eyeball stares at you.
You suddenly lose the ability to move!
The oklob plant spits acid at you. The splash of acid hits you!
The acid burns!
* * * LOW HITPOINT WARNING * * *
The oklob plant spits acid at you. The splash of acid hits you!
The acid corrodes your +0 cloak!
The acid corrodes your +0 pair of boots!
The acid burns!
* * * LOW HITPOINT WARNING * * *
You are feeling hungry.
The oklob plant spits acid at you.
Helpless, you fail to dodge the splash of acid.
The acid corrodes your -1 cloak!
The acid corrodes your +0 pair of gauntlets!
The acid burns!
You die...

#..### ......#####
............#
...........#.# ###
...........#.### ...#
................ .#.#
....PPP.......### ....
...PP?PP@.....#.#######
.#
[.PP.PPPP......#......#
.#
PP...>?P.....#.#####.#
.#
.P%PPPPP.......#####.###
.PPPPP.G..........%.....
##.#
....P......########.###
...# ...........# #.#
##.# ...(......# #.#
.......#.# #.##


You could see 2 oklob plants and a giant eyeball.

Vanquished Creatures
  Maurice (D:8)
  A hungry ghost (D:9)
  Eustachio (D:6)
  A hippogriff (D:9)
  An orc warrior (D:8)
  A black bear (D:7)
  4 phantoms
  A giant goldfish (D:8)
  3 ogres
  A yellow wasp (D:9)
  2 sky beasts
  An ice beast (D:8)
  Duvessa (D:6)
  A centaur (D:8)
  2 water moccasins
  2 giant frogs
  A gnoll sergeant (D:9)
  A wyvern skeleton (D:8)
  2 electric eels (D:8)
  2 giant goldfish zombies (D:6)
  4 wights (D:8)
  2 jellyfish (D:8)
  Dowan (D:6)
  A goliath beetle (D:7)
  4 crimson imps
  2 water moccasin zombies (Ossuary)
  Crazy Yiuf (D:3)
  2 quasits
  3 hounds (D:5)
  4 orc wizards
  2 orc priests
  A scorpion (D:8)
  2 iguanas
  2 big kobold zombies (Ossuary)
  4 worker ants
  Ijyb (D:2)
  A jelly (D:6)
  Terence (D:1)
  2 mummies (Ossuary)
  6 gnolls
  12 adders
  A shadow imp (D:6)
  A worm zombie (D:8)
  3 giant mites
  7 worms
  7 adder zombies (Ossuary)
  2 adder skeletons
  4 giant eyeballs
  5 giant geckos
  An ooze (D:4)
  26 orcs
  3 ball pythons
  2 giant cockroaches
  10 hobgoblins
  15 jackals
  15 kobolds
  3 quokkas
  13 bats
  5 giant newts
  2 gnoll zombies (Ossuary)
  9 goblins
  A hobgoblin skeleton (D:4)
  3 hobgoblin zombies (Ossuary)
  4 kobold zombies (Ossuary)
  8 orc zombies (Ossuary)
  21 rats
  2 rat skeletons
261 creatures vanquished.

Notes
Turn   | Place    | Note
--------------------------------------------------------------
     0 | D:1      | Rycklaryybbe, the Draconian Monk, began the quest for the Orb.
     0 | D:1      | Reached XP level 1. HP: 17/17 MP: 0/0
   167 | D:1      | Reached XP level 2. HP: 24/24 MP: 1/1
   735 | D:2      | Noticed Terence
   820 | D:1      | Killed Terence
   820 | D:1      | Reached skill level 5 in Unarmed Combat
   820 | D:1      | Reached XP level 3. HP: 12/30 MP: 2/2
  1032 | D:2      | Noticed Ijyb
  1070 | D:2      | Killed Ijyb
  1070 | D:2      | Reached XP level 4. HP: 34/37 MP: 3/3
  1192 | D:2      | Reached skill level 6 in Unarmed Combat
  1413 | D:2      | Reached XP level 5. HP: 35/44 MP: 4/4
  1684 | D:2      | Found a burning altar of Makhleb.
  2013 | D:3      | Noticed Crazy Yiuf
  2022 | D:3      | Killed Crazy Yiuf
  2678 | D:4      | Reached skill level 7 in Unarmed Combat
  2901 | D:4      | Noticed Edmund
  3108 | D:4      | Reached XP level 6. HP: 47/50 MP: 5/5
  3244 | D:4      | Found a staircase to the Ecumenical Temple.
  3300 | Temple   | Entered the Ecumenical Temple
  3358 | Temple   | Became a worshipper of Warmaster Okawaru
  3358 | Temple   | Acquired Okawaru's first power
  3707 | D:5      | Entered Level 5 of the Dungeon
  4031 | D:5      | Reached skill level 8 in Unarmed Combat
  4355 | D:4      | Your scales start taking on a fiery red colour.
  4355 | D:4      | Gained mutation: Your flesh is heat resistant. [draconian maturity]
  4355 | D:4      | Reached XP level 7. HP: 56/56 MP: 6/6
  5700 | D:5      | Reached skill level 9 in Unarmed Combat
  6342 | D:6      | Noticed Eustachio
  6632 | D:6      | Noticed Duvessa
  6646 | D:6      | Killed Duvessa
  6650 | D:6      | Noticed Dowan
  6859 | D:6      | Killed Dowan
  7019 | D:6      | Reached skill level 10 in Unarmed Combat
  7020 | D:6      | Found a basalt altar of Yredelemnul.
  7284 | D:6      | Killed Eustachio
  7284 | D:6      | Reached XP level 8. HP: 60/63 MP: 4/7
  7773 | D:7      | Found a sand-covered staircase.
  7777 | Ossuary  | Entered an ossuary
  7835 | Ossuary  | Reached skill level 11 in Unarmed Combat
  8468 | D:7      | Reached skill level 5 in Dodging
  8796 | D:8      | Noticed Maurice
  8858 | D:8      | Killed Maurice
  8858 | D:8      | Reached XP level 9. HP: 55/69 MP: 8/8
  9763 | D:8      | HP: 3/69 [orc/orcish mace (6)]
 10252 | D:8      | Paralysed by a giant eyeball for 4 turns
 10259 | D:8      | Paralysed by a giant eyeball for 4 turns
 10502 | D:9      | Paralysed by a giant eyeball for 3 turns
 10595 | D:9      | Reached XP level 10. HP: 77/77 MP: 9/9
 10701 | D:9      | Reached skill level 10 in Dodging
 10722 | D:9      | Noticed an oklob plant
 10726 | D:9      | Noticed an oklob plant
 10726 | D:9      | Paralysed by a giant eyeball for 2 turns
 10738 | D:9      | Paralysed by a giant eyeball for 4 turns
 10751 | D:9      | Paralysed by a giant eyeball for 2 turns
 10753 | D:9      | Splashed by an oklob plant's acid

Action                   |  1- 3 |  4- 6 |  7- 9 | 10-12 || total
-------------------------+-------+-------+-------+-------++-------
Melee: Unarmed           |   119 |   317 |   641 |    28 ||  1105
Invok: Heroism           |       |     1 |     7 |     1 ||     9
 Abil: Breathe Fire      |       |       |     2 |       ||     2
Evoke: Wand              |       |       |     2 |       ||     2
  Use: Scroll            |       |       |    10 |       ||    10
       Potion            |       |       |    10 |       ||    10
 Stab: Sleeping          |     1 |     7 |     5 |       ||    13
